cohdb
Replays
Latest Replays
All Replays
Popular Replays
Top Player Replays
Match Explorer
How It Works
Community
CoH3 Stats
Reddit
Sign in to upload your games and track your stats! →
Sign in with Steam
Match 42178405
Unlisted
Match 42178405
Overview
Messages
Build Orders
End
Pioneer Squad
Pioneer Squad
Construct Infanterie Kompanie
MG 42 Machine Gun Team
MG 42 Machine Gun Team
GrW 34 Mortar Team
Grenadier Squad
Construct Panzergrenadier Kompanie
251 Medium Carrier
Selects Breakthrough Battlegroup
Selects Rapid Production
Selects Assault Grenadiers
Medical Station
Panzergrenadier Squad
Panzergrenadier Officer Quarters
Pak 40 Anti-tank Gun Team
Panzergrenadier Squad
Selects Blitzkrieg
Construct Panzer Kompanie
Grenadier Squad
Sturmpanzer IV Brummbär
Pioneer Squad
Pioneer Squad
Pak 40 Anti-tank Gun Team
Selects Tiger Heavy Tank
Tiger Heavy Tank
Selects Breakthrough
Selects Incendiary Bombing Run
Incendiary Bombing Run
Pioneer Squad
Panzergrenadier Squad
Support Elements
Incendiary Bombing Run
Grenadier Squad
Pioneer Squad
Breakthrough
Dave
Cooter McGavin
bigcheese
Epouvente
0
0
Comments
sign in to comment!
No comments posted yet!